 Dungeon Crawl Stone Soup version 0.31-a0-222-gefeffbb62a (webtiles) character file.

Game seed: 17393685763059816712

776 qw the Chopper (level 7, -1/44 HPs)
             Began as a Gargoyle Fighter on July 4, 2023.
             Slain by a troll zombie (7 damage)
             ... in an ossuary.
             The game lasted 00:02:02 (4265 turns).

qw the Chopper (Gargoyle Fighter)                   Turns: 4265, Time: 00:02:03

Health: -1/44      AC: 13    Str: 21    XL:     7   Next: 84%
Magic:  7/7        EV: 11    Int:  9    God:
Gold:   135        SH:  4    Dex:  9    Spells: 6/6 levels left

rFire   . . .        Y - +0 war axe
rCold   . . .        c - +0 buckler
rNeg    + . .        q - +2 leather armour of the Tanner {Contam Slay+2 SInv}
rPois   inf          r - +0 helmet
rElec   +            k - +0 cloak
rCorr   .            g - +0 pair of gloves
SInv    +            (no boots)
Will    .....        l - amulet of the acrobat
Stlth   +            (no ring)
HPRegen 0.27/turn    (no ring)
MPRegen 0.10/turn

%: acrobat
@: about to teleport
A: sickness immunity, AC +4, negative energy resistance 1, electricity
resistance, torment resistance 1, petrification resistance
a: no special abilities


You were in an ossuary.
You visited 1 branch of the dungeon, and saw 4 of its levels.
You also visited: Sewer and Ossuary.

You collected 135 gold pieces.


Innate Abilities, Weirdness & Mutations

You are immune to sickness and miasma.
Your stone body is resilient. (AC +4)
You are immune to poison.
You resist negative energy. (rN+)
You are resistant to electric shocks. (rElec)
You are resistant to unholy torment.
You are immune to petrification.


   Skills:
 + Level 4.7 Fighting
 - Level 7.0 Axes
 - Level 3.2 Armour
 - Level 1.8 Dodging
 - Level 3.2 Shields


You had 6 spell levels left.
You didn't know any spells.
Your spell library was empty.

Inventory:

Hand Weapons
 i - a +0 mace
 Y - a +0 war axe (weapon)
Missiles
 o - 5 boomerangs (quivered)
Armour
 b - a +0 scale mail
 c - a +0 buckler (worn)
 g - a +0 pair of gloves (worn)
 k - a +0 cloak (worn)
 q - the +2 leather armour of the Tanner (worn) {Contam Slay+2 SInv}
   (You found it on level 3 of the Dungeon)

   Slay:      It affects your accuracy & damage with ranged weapons and melee
   (+2).
   SInv:      It lets you see invisible.
   Contam:    It causes magical contamination when unequipped.
 r - a +0 helmet (worn)
Jewellery
 l - an amulet of the acrobat (around neck)
Scrolls
 j - a scroll of identify
Potions
 a - 2 potions of curing
 d - a potion of might
 f - a potion of cancellation
 h - a potion of mutation
 m - a potion of heal wounds {unknown}
 n - a potion of haste {unknown}

Dungeon Overview and Level Annotations

Branches:
Dungeon (4/15)              Sewer (visited)         Ossuary (1/1)
 Temple: D:4-7

Altars:
Gozag

Shops:
D:3 (


Message History

There is an open door here.
You open the door.
A rat zombie comes into view.
You hit the rat zombie.
The rat zombie is severely damaged.
The rat zombie barely misses you.
You barely miss the rat zombie.
The rat zombie is severely damaged.
You slash the rat zombie!
You destroy the rat zombie!
There is an open door here.
You open the door.
A troll zombie comes into view.
You slash the troll zombie!
The troll zombie is lightly damaged.
The troll zombie barely misses you. x2; The troll zombie claws you!
You completely miss the troll zombie.
The troll zombie is lightly damaged.
The troll zombie closely misses you. x3
You barely miss the troll zombie.
The troll zombie is lightly damaged.
The troll zombie bites you!
The troll zombie claws you but does no damage.
The troll zombie barely misses you.
You hit the troll zombie.
The troll zombie is moderately damaged.
The troll zombie bites you! The troll zombie claws you.
The troll zombie closely misses you.
You hit the troll zombie.
The troll zombie is moderately damaged.
The troll zombie bites you!
The troll zombie claws you but does no damage.
The troll zombie claws you.
4264 ||| READING scroll of teleportation.
As you read the scroll of teleportation, it crumbles to dust.
You feel strangely unstable.
You barely miss the troll zombie.
The troll zombie is moderately damaged.
The troll zombie bites you!
You die...

#########################
\........................
.........................
..#####'###'###'###'###'#
#.@.#...#...#...#..
##Z##'###'#####'###
..#....#....#....#
...#....#....#....#
....#....#....#....#
#....#....#....#....#
#####################
#....# #....#


You could see a troll zombie.

Vanquished Creatures
  Eustachio (D:4)
  3 kobold brigands (Sewer)
  A scorpion (D:3)
  A troll zombie (Ossuary)
  A centaur zombie (Ossuary)
  A hound (D:4)
  An ogre zombie (Ossuary)
  A mummy (Ossuary)
  6 adders
  3 gnolls (D:4)
  3 river rats
  2 adder zombies (Ossuary)
  2 worms
  3 dart slugs
  4 orcs (D:3)
  12 endoplasms
  5 giant cockroaches
  A goblin (D:2)
  8 hobgoblins
  11 jackals
  8 kobolds
  2 quokkas
  7 ball pythons
  4 bats
  8 frilled lizards
  A goblin zombie (Ossuary)
  A quokka zombie (Ossuary)
  8 rats
  5 rat zombies (Ossuary)
114 creatures vanquished.

Notes
Turn   | Place    | Note
-------+----------+-------------------------------------------
     0 | D:1      | qw the Gargoyle Fighter began the quest for the Orb.
     0 | D:1      | Reached XP level 1. HP: 14/14 MP: 1/1
     0 | D:1      | 0 ||| qw: Version: 0.3-a-46-gb1f654a
     0 | D:1      | 0 ||| qw: Game counter: 976
     0 | D:1      | 0 ||| qw: Melee chars always use a shield: true
     0 | D:1      | 0 ||| qw: God list: Okawaru
     0 | D:1      | 0 ||| qw: Allow faded altars: false
     0 | D:1      | 0 ||| qw: Do Orc after clearing Dungeon:15 true
     0 | D:1      | 0 ||| qw: Do second Lair branch before Depths: true
     0 | D:1      | 0 ||| qw: Lair rune preference: random
     0 | D:1      | 0 ||| qw: Goals: Normal, Zot:1-4, Slime:5, God:TSO, Crypt,
                  | Tomb, Abyss, Pan, Hells, Win
     0 | D:1      | 0 ||| PLANNING D:1-11
   109 | D:1      | 109 ||| Stepping ~*~*~tactically~*~*~ (hiding).
   110 | D:1      | 110 ||| Stepping ~*~*~tactically~*~*~ (hiding).
   117 | D:1      | Reached skill level 2 in Axes
   794 | D:1      | 794 ||| Stepping ~*~*~tactically~*~*~ (stealth).
   799 | D:1      | Reached XP level 2. HP: 19/19 MP: 2/2
   892 | D:1      | 892 ||| UPGRADING to +0 pair of gloves.
   897 | D:1      | 897 ||| UPGRADING to +0 cloak.
   902 | D:1      | 902 ||| READING scroll labelled QAHYLAESIE.
   905 | D:1      | 905 ||| READING scroll labelled VUMPIX BEUKHLEV.
   906 | D:1      | 906 ||| READING 2 scrolls labelled TAASAEGHIM.
  1141 | D:2      | Reached skill level 3 in Axes
  1141 | D:2      | Reached XP level 3. HP: 22/23 MP: 3/3
  1665 | D:2      | Reached XP level 4. HP: 26/28 MP: 4/4
  1794 | D:2      | 1794 ||| Stepping ~*~*~tactically~*~*~ (hiding).
  1909 | D:2      | 1909 ||| UPGRADING to amulet of the acrobat.
  2101 | D:2      | 2101 ||| DROPPING +6 ring of intelligence.
  2102 | D:2      | 2102 ||| READING scroll labelled ZEAPHU OPEYGU.
  2103 | D:2      | 2103 ||| READING 2 scrolls of identify.
  2103 | D:2      | 2103 ||| IDENTIFYING dark potion
  2117 | D:3      | 2117 ||| PLANNING SEWER
  2156 | D:3      | Reached skill level 4 in Axes
  2245 | D:3      | Found a glowing drain.
  2246 | D:3      | 2246 ||| READING 2 scrolls of identify.
  2246 | D:3      | 2246 ||| IDENTIFYING yellow potion
  2273 | D:3      | 2273 ||| Stepping ~*~*~tactically~*~*~ (water).
  2283 | Sewer    | Entered a sewer
  2286 | Sewer    | Noticed a kobold brigand
  2287 | Sewer    | 2287 ||| Stepping ~*~*~tactically~*~*~ (hiding).
  2291 | Sewer    | 2291 ||| Stepping ~*~*~tactically~*~*~ (hiding).
  2302 | Sewer    | Killed a kobold brigand
  2303 | Sewer    | Reached skill level 5 in Axes
  2303 | Sewer    | Reached XP level 5. HP: 31/32 MP: 5/5
  2452 | Sewer    | 2452 ||| Stepping ~*~*~tactically~*~*~ (stealth).
  2453 | Sewer    | 2453 ||| Stepping ~*~*~tactically~*~*~ (stealth).
  2605 | Sewer    | Noticed a kobold brigand
  2630 | Sewer    | Killed a kobold brigand
  2631 | Sewer    | Reached skill level 1 in Dodging
  2631 | Sewer    | Reached XP level 6. HP: 18/38 MP: 6/6
  2737 | Sewer    | 2737 ||| Stepping ~*~*~tactically~*~*~ (stealth).
  2937 | Sewer    | 2937 ||| READING scroll labelled HIATANO GEER.
  2942 | D:3      | 2942 ||| PLANNING D:1-11
  2944 | D:3      | Identified the +2 leather armour of the Tanner {Contam
                  | Slay+2 SInv}
  3004 | D:3      | Found an opulent altar of Gozag.
  3074 | D:3      | Found a faded altar of an unknown god.
  3091 | D:3      | 3091 ||| Stepping ~*~*~tactically~*~*~ (stealth).
  3093 | D:3      | 3093 ||| Stepping ~*~*~tactically~*~*~ (stealth).
  3244 | D:3      | Found Pubovuoso's Weapon Shop.
  3248 | D:3      | 3248 ||| SHOPLISTING +1 mace of draining (136 gold, have
                  | 111).
  3257 | D:3      | Reached XP level 7. HP: 40/43 MP: 7/7
  3512 | D:3      | 3512 ||| Stepping ~*~*~tactically~*~*~ (hiding).
  3515 | D:3      | 3515 ||| Stepping ~*~*~tactically~*~*~ (hiding).
  3516 | D:3      | 3516 ||| Stepping ~*~*~tactically~*~*~ (hiding).
  3524 | D:3      | 3524 ||| Stepping ~*~*~tactically~*~*~ (stealth).
  3562 | D:3      | 3562 ||| Stepping ~*~*~tactically~*~*~ (stealth).
  3638 | D:3      | 3638 ||| UPGRADING to +2 leather armour of the Tanner
                  | {Contam Slay+2 SInv}.
  3648 | D:3      | 3648 ||| UPGRADING to +0 helmet.
  3653 | D:3      | 3653 ||| DRINKING 2 emerald potions.
  3654 | D:3      | 3654 ||| READING 2 scrolls of identify.
  3654 | D:3      | 3654 ||| IDENTIFYING coppery potion
  3655 | D:3      | 3655 ||| DROPPING potion of invisibility.
  3676 | D:4      | 3676 ||| PLANNING OSSUARY
  3676 | D:4      | 3676 ||| Stepping ~*~*~tactically~*~*~ (stealth).
  3680 | D:4      | 3680 ||| Stepping ~*~*~tactically~*~*~ (stealth).
  3683 | D:4      | 3683 ||| Stepping ~*~*~tactically~*~*~ (stealth).
  3700 | D:4      | Noticed Eustachio
  3701 | D:4      | 3701 ||| Stepping ~*~*~tactically~*~*~ (stealth).
  3713 | D:4      | Killed Eustachio
  3714 | D:4      | Reached skill level 6 in Axes
  3737 | D:4      | 3737 ||| Stepping ~*~*~tactically~*~*~ (hiding).
  3974 | D:4      | 3974 ||| Stepping ~*~*~tactically~*~*~ (stealth).
  3997 | D:4      | Found a sand-covered staircase.
  3998 | D:4      | 3998 ||| READING scroll labelled JIOMUM EFRA.
  3999 | D:4      | 3999 ||| READING scroll labelled LOTUHA HANUEMY.
  4032 | Ossuary  | Entered an ossuary
  4133 | Ossuary  | Reached skill level 7 in Axes
  4263 | Ossuary  | HP: 11/44 [troll zombie (7)]
  4264 | Ossuary  | 4264 ||| READING scroll of teleportation.
  4265 | Ossuary  | Slain by a troll zombie

Levels and vault maps discovered:
D:1:      dpeg_arrival_oval, layout_loops_cross, chequers_serial_rivers_small_b
D:2:      minmay_chambers_of_ones, layout_basic, serial_aquarium,
          aquarium_bridge_long_separate [aquarium_subvault_bridge,
          aquarium_subvault_window, aquarium_subvault_bridge,
          aquarium_subvault_bridge, aquarium_subvault_window,
          aquarium_subvault_bridge], aquarium_bridge_square
          [aquarium_subvault_bridge, aquarium_subvault_bridge,
          aquarium_subvault_wall, aquarium_subvault_bridge], aquarium_window_2,
          aquarium_window_fake, aquarium_window_fake, aquarium_view_4,
          aquarium_view_2c, aquarium_pool_1
D:3:      layout_basic, grunt_gozag_statues, serial_shops, shop,
          shapermc_ecumenical_altar_notcrosses, cheibrodos_sewer_entry_sluice
D:4:      layout_loops_corners, minmay_temple_entry_glass,
          lightli_ossuary_entry_decrepit_ruins, uniq_eustachio
Ossuary:  ossuary_boxes_badplayer

Skill      XL: |  1  2  3  4  5  6  7 |
---------------+----------------------+-----
Axes           | 2 3 5 7 |  7.0
Fighting       | 4 |  4.7
Dodging        | 1 |  1.8
Armour         | |  3.2
Shields        | |  3.2

Action                     |  1- 3 |  4- 6 |  7- 9 || total
---------------------------+-------+-------+-------++-------
  Melee: War axe           |    77 |   177 |    78 ||   332
  Throw: Boomerang         |       |    11 |    25 ||    36
    Use: Scroll            |     3 |     4 |     4 ||    11
         Potion            |       |       |     1 ||     1
 Armour: Scale mail        |    27 |    91 |     5 ||   123
         Leather armour    |       |       |    22 ||    22
  Dodge: Dodged            |    25 |    86 |    34 ||   145
  Block: Buckler           |    14 |    30 |    12 ||    56

Table legend:
 A = Non-vault XP
 B = Vault XP
 C = Vault XP percentage of total XP
 D = Non-vault monster count
 E = Vault monster count
 F = Vault count percentage of total count
                 A         B        C        D         E       F
            +---------+---------+-------+---------+---------+-------
      Total |     335 |     774 |  69.8 |      65 |      49 |  43.0
            +---------+---------+-------+---------+---------+-------
        D:1 |      12 |       0 |   0.0 |       7 |       0 |   0.0
        D:2 |      76 |       7 |   8.4 |      25 |       5 |  16.7
        D:3 |     151 |      20 |  11.7 |      23 |       4 |  14.8
        D:4 |      96 |     197 |  67.2 |      10 |       1 |   9.1
      Sewer |       0 |     384 | 100.0 |       0 |      26 | 100.0
    Ossuary |       0 |     166 | 100.0 |       0 |      13 | 100.0
            +---------+---------+-------+---------+---------+-------
